 Dungeon Crawl Stone Soup version 0.25.1-8-g42b30a86e7 (webtiles) character file.

Game seed: 12922508793804548794

109 jeffkaplan the Shield-Bearer (level 4, 0/40 HPs)
             Began as a Hill Orc Fighter on Dec 13, 2020.
             Was an Initiate of Kikubaaqudgha.
             Killed from afar by an orc wizard (3 damage)
             ... with a magic dart
             ... on level 3 of the Dungeon.
             The game lasted 00:06:18 (2016 turns).

jeffkaplan the Shield-Bearer (Hill Orc Fighter)     Turns: 2016, Time: 00:06:19

Health: 0/40       AC:  7    Str: 19    XL:     4   Next: 90%
Magic:  4/4        EV:  7    Int:  8    God:    Kikubaaqudgha [......]
Gold:   156        SH:  9    Dex: 10    Spells: 3/3 levels left

rFire    . . .     SeeInvis .   a - +0 rapier
rCold    . . .     Gourm    .   c - +0 kite shield
rNeg     . . .     Faith    .   b - +0 scale mail
rPois    .         Spirit   .   (no helmet)
rElec    .         Reflect  .   (no cloak)
rCorr    .         Harm     .   (no gloves)
MR       .....                  (no boots)
Stlth    ..........             (no amulet)
HPRegen  0.13/turn              (no ring)
MPRegen  0.09/turn              (no ring)

@: no status effects
A: no striking features
a: Renounce Religion


You were on level 3 of the Dungeon.
You worshipped Kikubaaqudgha.
Kikubaaqudgha was noncommittal.
You were not hungry.

You visited 1 branch of the dungeon, and saw 3 of its levels.

You collected 156 gold pieces.

Inventory:

Hand Weapons
 a - a +0 rapier (weapon)
 g - a +0 club
 u - a +0 short sword
Missiles
 j - 47 arrows
 k - 21 poisoned darts (quivered)
Armour
 b - a +0 scale mail (worn)
 c - a +0 kite shield (worn)
 h - a +0 robe
 i - a +0 chain mail
 l - a +0 ring mail of poison resistance
 m - a +0 kite shield
 t - a +0 robe
 v - a cursed +0 robe
 w - a +2 ring mail of magic resistance
Jewellery
 q - an uncursed ring of stealth {unknown}
Wands
 r - a wand of polymorph (8)
Scrolls
 n - a scroll of teleportation {unknown}
 o - a scroll of identify {unknown}
 p - a scroll of enchant armour {unknown}
 x - a scroll of magic mapping {unknown}
Potions
 d - 2 potions of might
 e - 2 potions of curing {unknown}
 s - a potion of magic {unknown}
 z - a potion of flight {unknown}
Comestibles
 f - a ration


   Skills:
 + Level 4.0 Fighting
 + Level 2.8 Short Blades
 + Level 4.2 Armour
 + Level 0.6 Dodging
 + Level 0.1 Stealth
 + Level 4.2 Shields


You had 3 spell levels left.
You didn't know any spells.
Your spell library was empty.

Dungeon Overview and Level Annotations

Branches:
Dungeon (3/15)

Altars:
Kikubaaqudgha
The Shining One


Message History

Something hits you.
* * * LOW HITPOINT WARNING * * *
The orc barely misses you.
You puncture the orc!
You kill the orc!
Kikubaaqudgha accepts your kill. Something hits you.
* * * LOW HITPOINT WARNING * * *
Something hits you.
* * * LOW HITPOINT WARNING * * *
Something hits you but does no damage. You block something's attack.
Things that are here:
a +0 dagger; a +0 ring mail; an orc corpse Something hits you.
* * * LOW HITPOINT WARNING * * *
You hear some strange, mumbled words.
A magic dart appears from out of thin air!
The magic dart hits you.
You die...
Kikubaaqudgha rasps: "You have failed me!
Welcome... death!"

#############
#...........#
#...........##########
#....>.†.........÷....
#......†....##########
#.$†.@{)....#
#####.####### #.# #.#
..( ... ..... ##.##
.################


There were no monsters in sight!

Vanquished Creatures
  5 adders
  A worm (D:3)
  A dart slug (D:3)
  2 leopard geckos (D:1)
  3 orcs
  4 giant cockroaches
  7 goblins
  2 hobgoblins
  8 jackals (D:3)
  2 bats
  8 frilled lizards
  5 kobolds
  5 rats
  A bush (D:1)
54 creatures vanquished.

Notes
Turn   | Place    | Note
-------+----------+-------------------------------------------
     0 | D:1      | jeffkaplan the Hill Orc Fighter began the quest for the
                  | Orb.
     0 | D:1      | Reached XP level 1. HP: 19/19 MP: 1/1
   198 | D:1      | Reached XP level 2. HP: 27/27 MP: 2/2
   819 | D:2      | Reached XP level 3. HP: 26/33 MP: 3/3
  1054 | D:2      | Found a glowing golden altar of the Shining One.
  1068 | D:2      | Reached XP level 4. HP: 35/40 MP: 4/4
  1339 | D:3      | Found an ancient bone altar of Kikubaaqudgha.
  1377 | D:3      | Became a worshipper of Kikubaaqudgha
  2016 | D:3      | Killed from afar by an orc wizard

Illustrated notes

Levels and vault maps discovered:
D:1:      minmay_arrival_five_plusses, layout_basic, serial_forest,
          infiniplex_forest_straight_1, infiniplex_forest_side_room,
          infiniplex_forest_join, infiniplex_forest_straight_4,
          infiniplex_forest_corner_1
D:2:      layout_basic, tso_metal_star, grunt_temple_overflow_open
D:3:      layout_basic, nicolae_ru_sacrificial_ziggurat,
          nicolae_overflow_crystal_walls

Skill      XL: |  1  2  3  4 |
---------------+-------------+-----
Shields        | 4 |  4.2
Armour         | 4 |  4.2
Fighting       | 4 |  4.0
Short Blades   | |  2.8
Dodging        | |  0.6
Stealth        | |  0.1

Action                   |  1- 3 |  4- 6 || total
-------------------------+-------+-------++-------
Melee: Rapier            |   160 |   118 ||   278
  Eat: Ration            |       |     1 ||     1
       Chunk             |       |     1 ||     1
Armor: Scale mail        |    46 |    90 ||   136
Dodge: Dodged            |    22 |    58 ||    80
Block: Kite shield       |    32 |    94 ||   126
